 Dungeon Crawl Stone Soup version 0.18-a0-965-g9200175 (webtiles) character file.

21583 JokEr the Fighter (level 12, -3/113 HPs)
             Began as a Demonspawn Fighter on Jan 1, 2016.
             Was the Champion of Okawaru.
             Slain by a 12-headed hydra (7 damage)
             ... on level 4 of the Lair of Beasts.
             The game lasted 00:45:05 (14450 turns).

JokEr the Fighter (Demonspawn Fighter)             Turns: 14450, Time: 00:45:05

Health: -3/113     AC: 18    Str: 26    XL:     12   Next: 55%
Magic:  12/12      EV:  6    Int: 10    God:    Okawaru [******]
Gold:   860        SH: 16    Dex: 13    Spells: 0 memorised, 11 levels left

rFire  . . .     SeeInvis .     l - +2 war axe (elec)
rCold  . . .     Gourm    .     K - +0 plate armour
rNeg   . . .     Faith    .     c - +0 shield
rPois  .         Spirit   .     (no helmet)
rElec  .         Dismiss  .     (no cloak)
rCorr  .         Reflect  +     (no gloves)
SustAt .         Harm     .     h - +0 pair of boots {run}
MR     .....                    g - +5 amulet of reflection
Stlth  ..........               C - ring of stealth
                                b - +3 ring of strength

@: very slightly contaminated, quick, not resistant to hostile enchantments,
extremely unstealthy
A: claws 2, hooves 1, slimy green scales 2, foul stench 1, robust 1, spiny 1,
strong 1, rot immunity
a: Heroism, Finesse, Renounce Religion


You were on level 4 of the Lair of Beasts.
You worshipped Okawaru.
Okawaru was exalted by your worship.
You were not hungry.

You visited 2 branches of the dungeon, and saw 14 of its levels.

You collected 860 gold pieces.

Inventory:

Hand Weapons
 l - a +2 war axe of electrocution (weapon)
Armour
 c - a +0 shield (worn)
 h - a +0 pair of boots of running (worn)
 K - a +0 plate armour (worn)
Jewellery
 b - a +3 ring of strength (left claw)
 e - an uncursed ring of fire
 g - a +5 amulet of reflection (around neck)
 q - an uncursed ring of protection from cold
 C - a ring of stealth (right claw)
 I - an uncursed ring of flight
Wands
 d - a wand of frost (20/48)
 v - a wand of draining (1/15)
 y - a wand of teleportation (5/9)
 G - a wand of enslavement (24/24)
 H - a wand of magic darts (24/48)
 P - a wand of paralysis (7/24)
Scrolls
 a - 2 scrolls of fear
 i - a scroll of amnesia
 o - 7 scrolls of remove curse
 s - 3 scrolls of teleportation
 D - 2 scrolls of magic mapping
 L - 3 scrolls of enchant armour
 Q - a scroll of recharging
 R - 2 scrolls of enchant weapon
Potions
 k - 3 potions of cure mutation
 m - 2 potions of brilliance
 p - a potion of degeneration {unknown}
 r - 2 potions of heal wounds
 t - a potion of invisibility
 u - 2 potions of mutation
 z - 4 potions of agility {unknown}
 B - 2 potions of cancellation {unknown}
 E - 2 potions of magic {unknown}
 J - a potion of poison {unknown}
 M - a potion of lignification {unknown}
 O - a potion of haste {unknown}
Comestibles
 f - 6 bread rations
 j - 12 chunks of flesh
 n - 8 meat rations
 x - 2 slices of pizza
 A - a royal jelly
 F - 18 fruits
 N - a beef jerky


   Skills:
 - Level 12.5 Fighting
 - Level 11.4 Axes
 - Level 9.0 Armour
 + Level 7.6 Shields


You had 11 spell levels left.
You didn't know any spells.

Dungeon Overview and Level Annotations

Branches:
Dungeon (10/15)            Temple (0/1) D:6            Lair (4/8) D:8
    Orc (0/2) D:10
  Swamp: Lair:3-6    Shoals: Lair:3-6     Snake: Lair:3-6    Spider: Lair:3-6

Altars:
Dithmenos
Fedhas
Gozag
Nemelex Xobeh
Okawaru
Pakellas
Ru
Xom
Yredelemnul
Zin

Shops:
D:5 :

Annotations:
Lair:4 exclusion: oklob plant


Innate Abilities, Weirdness & Mutations

You have very sharp fingernails.
You are mostly covered in slimy green scales (AC +3).
You may emit foul miasma when damaged in melee.
You are partially covered in sharp spines.
You are immune to rotting.
You have large cloven feet.
You are robust (+10% HP).
Your muscles are strong. (Str +2)


Message History

You block the giant frog's attack. x2
You block the giant frog's attack.
You enter the shallow water.
Moving in this stuff is going to be slow.
The giant frog is struck by your spines.
The giant frog hits you but does no damage.
The giant frog looks sick.
You block the 12-headed hydra's attack. The 12-headed hydra bites you!
* * * LOW HITPOINT WARNING * * *
You emit a cloud of foul miasma!
The 12-headed hydra bites you but does no damage.
You block the 12-headed hydra's attack. The 12-headed hydra bites you.
* * * LOW HITPOINT WARNING * * *
The 12-headed hydra bites you.
* * * LOW HITPOINT WARNING * * *
The 12-headed hydra bites you but does no damage.
The 12-headed hydra barely misses you.
The 12-headed hydra bites you but does no damage.
The 12-headed hydra bites you!
You die...

*##.......###...♣♣..♣..[####
#..#.....#.♣♣...≈.≈≈.....#
#...........♣.≈≈≈...≈.P..#
#..<.........≈..≈.≈≈.≈♣..#
##.........♣.≈.≈≈.≈..≈.≈♣.##
###............≈.≈..≈≈.≈.≈...#
##.....).....♣≈≈≈..≈.≈≈......#
#.##.........♣...D≈.≈..≈≈≈..##
...#.........♣≈.@F≈≈..≈.≈.♣.##
.............♣≈.≈r.≈.≈≈.≈.♣..#
P..#...........≈.≈≈.≈..≈.♣..##
####.###.#.##...≈...≈≈≈.♣..##
#.## #######..♣≈≈.≈...^.#.#
##* #.#...♣.♣♣♣.#####
####....♣ ### #.#..# ######


You could see a 12-headed hydra, a giant frog and a porcupine.

Vanquished Creatures
  Harold (Lair:2)
  A centaur warrior (D:10)
  A hydra (Lair:1)
  Urug (Lair:3)
  The ghost of nublet the Gusty, a novice CeAE (D:7)
  2 griffons (Lair:4)
  Maurice (D:8)
  4 black mambas
  4 spiny frogs
  2 komodo dragons
  5 fire drakes
  A troll (D:8)
  A two-headed ogre (D:10)
  Grinder (D:3)
  3 wyverns
  16 yaks
  A basilisk (Lair:4)
  The ghost of PinkishYellow the Changer, an amateur NaTm (D:3)
  3 hungry ghosts
  5 hippogriffs
  Eustachio (D:6)
  Edmund (D:6)
  4 wolves (Lair:1)
  Duvessa (D:6)
  7 water moccasins
  14 porcupines
  2 sky beasts
  3 black bears
  A wasp (D:10)
  4 orc warriors
  2 phantoms (D:8)
  2 ice beasts (D:8)
  An eye of draining (D:9)
  3 ogres
  4 centaurs
  11 crocodiles
  A big kobold (D:9)
  4 giant frogs
  A gnoll sergeant (D:7)
  A wyvern zombie (D:8)
  Dowan (D:6)
  A wyvern skeleton (D:10)
  2 scorpions
  4 wights (D:10)
  A giant frog zombie (D:5)
  3 crimson imps
  Crazy Yiuf (D:3)
  A giant frog skeleton (D:7)
  An orc priest (D:10)
  8 hounds
  5 jellies
  A centaur skeleton (D:7)
  9 orc wizards
  Natasha (twice) (D:3)
  6 iguanas
  14 worker ants
  6 sheep (Lair:1)
  A hound zombie (D:5)
  A worker ant zombie (D:5)
  Robin (D:2)
  7 adders
  6 gnolls
  34 river rats
  A shadow imp (D:9)
  2 oozes
  An adder zombie (D:5)
  2 adder skeletons
  7 giant geckos
  41 orcs
  11 bats
  3 giant cockroaches
  18 goblins
  14 hobgoblins
  6 jackals
  10 kobolds
  5 quokkas
  2 ball pythons (D:2)
  A giant cockroach zombie (D:5)
  3 giant newts
  9 rats
  4 fungi
  A plant (Lair:3)
380 creatures vanquished.

Vanquished Creatures (others)
  7 fungi
  5 plants (Lair:4)
12 creatures vanquished.

Grand Total: 392 creatures vanquished

Notes
Turn   | Place    | Note
--------------------------------------------------------------
     0 | D:1      | JokEr the Demonspawn Fighter began the quest for the Orb.
     0 | D:1      | Reached XP level 1. HP: 18/18 MP: 1/1
   151 | D:1      | Gained mutation: You are partially covered in sharp spines. [demonic ancestry]
   151 | D:1      | Reached XP level 2. HP: 24/24 MP: 2/2
   790 | D:2      | Identified a +0 pair of boots of running (You found it on level 2 of the Dungeon)
   834 | D:2      | Gained mutation: You are partially covered in slimy green scales (AC +2). [demonic ancestry]
   834 | D:2      | Reached XP level 3. HP: 28/30 MP: 3/3
   837 | D:2      | Found an oddly glowing altar of Pakellas.
   954 | D:2      | Found a sacrificial altar of Ru.
   954 | D:2      | Found a shadowy altar of Dithmenos.
  1186 | D:2      | Reached skill level 4 in Fighting
  1296 | D:2      | Found an iron altar of Okawaru.
  1302 | D:2      | Gained mutation: You are mostly covered in slimy green scales (AC +3). [demonic ancestry]
  1302 | D:2      | Reached XP level 4. HP: 37/37 MP: 4/4
  1306 | D:2      | Became a worshipper of Warmaster Okawaru
  1378 | D:2      | Noticed Robin
  1394 | D:2      | Killed Robin
  1763 | D:3      | Noticed Grinder
  1775 | D:3      | HP: 1/37 [Grinder (2)]
  1776 | D:3      | Killed Grinder
  1776 | D:3      | Reached * piety under Okawaru
  1776 | D:3      | Reached skill level 5 in Fighting
  1776 | D:3      | Reached XP level 5. HP: 1/44 MP: 0/5
  1776 | D:3      | Gained mutation: You have sharp fingernails. [demonic ancestry]
  1776 | D:3      | Reached XP level 6. HP: 1/51 MP: 0/6
  1887 | D:3      | Noticed PinkishYellow's ghost (amateur NaTm)
  2104 | D:3      | Noticed Natasha
  2111 | D:3      | Killed Natasha
  2181 | D:3      | Killed PinkishYellow's ghost
  2181 | D:3      | Reached skill level 5 in Axes
  2277 | D:3      | Reached ** piety under Okawaru
  2356 | D:3      | Reached XP level 7. HP: 52/57 MP: 7/7
  2361 | D:3      | Reached skill level 6 in Fighting
  2642 | D:3      | Noticed Natasha
  2646 | D:3      | Killed Natasha
  2670 | D:3      | Noticed Crazy Yiuf
  2676 | D:3      | Killed Crazy Yiuf
  3331 | D:5      | Entered Level 5 of the Dungeon
  3450 | D:5      | Reached skill level 7 in Fighting
  3453 | D:5      | Found a blossoming altar of Fedhas.
  3466 | D:5      | Found a glowing silver altar of Zin.
  3700 | D:5      | Found Losubair's Book Emporium.
  3719 | D:5      | Reached XP level 8. HP: 60/67 MP: 8/8
  3901 | D:5      | Reached *** piety under Okawaru
  3988 | D:6      | Found a staircase to the Ecumenical Temple.
  4075 | D:6      | Noticed Eustachio
  4290 | D:6      | Killed Eustachio
  4326 | D:6      | Reached skill level 8 in Fighting
  4352 | D:6      | Noticed Duvessa
  4355 | D:6      | Noticed Dowan
  4364 | D:6      | Killed Duvessa
  4367 | D:6      | Killed Dowan
  4370 | D:6      | Noticed Edmund
  4397 | D:6      | Killed Edmund
  4678 | D:6      | Found an oddly glowing altar of Pakellas.
  4733 | D:6      | Found a sparkling altar of Nemelex Xobeh.
  4766 | D:6      | Found a shimmering altar of Xom.
  5091 | D:7      | Noticed nublet's ghost (novice CeAE)
  5268 | D:7      | Found a shimmering altar of Xom.
  5268 | D:7      | Noticed an angel
  5271 | D:7      | Gained mutation: You are immune to rotting. [demonic ancestry]
  5271 | D:7      | Reached XP level 9. HP: 75/75 MP: 9/9
  5280 | D:7      | Reached skill level 9 in Fighting
  5289 | D:7      | Found a glowing silver altar of Zin.
  5346 | D:7      | Killed nublet's ghost
  5346 | D:7      | Reached **** piety under Okawaru
  5423 | D:7      | Reached skill level 10 in Fighting
  6232 | D:8      | Found a staircase to the Lair.
  6318 | D:8      | Noticed Maurice
  6341 | D:8      | Killed Maurice
  6341 | D:8      | Gained mutation: You have very sharp fingernails. [demonic ancestry]
  6341 | D:8      | Reached XP level 10. HP: 86/86 MP: 10/10
  7361 | D:9      | Reached skill level 11 in Fighting
  7362 | D:9      | Found a basalt altar of Yredelemnul.
  7494 | D:9      | Reached ***** piety under Okawaru
  7527 | D:9      | Reached skill level 10 in Axes
  7954 | D:9      | Gained mutation: You have large cloven feet. [potion of mutation]
  7954 | D:9      | Gained mutation: Your muscles are strong. (Str +2) [potion of mutation]
  7954 | D:9      | Gained mutation: You are robust (+10% HP). [potion of mutation]
  8028 | D:10     | Entered Level 10 of the Dungeon
  8355 | D:10     | Found a staircase to the Orcish Mines.
  8857 | D:10     | Noticed a centaur warrior
  8868 | D:10     | Killed a centaur warrior
  8876 | D:10     | Paralysed by a wasp for 2 turns
  8878 | D:10     | Reached skill level 12 in Fighting
  9167 | D:10     | Reached XP level 11. HP: 94/104 MP: 11/11
  9678 | Lair:1   | Entered Level 1 of the Lair of Beasts
 10702 | Lair:1   | Noticed a six-headed hydra
 10746 | Lair:1   | Killed a three-headed hydra
 10746 | Lair:1   | Reached ****** piety under Okawaru
 10746 | Lair:1   | Reached skill level 5 in Armour
 11489 | Lair:2   | Noticed Harold
 11516 | Lair:2   | Killed Harold
 11516 | Lair:2   | Received a gift from Okawaru
 12210 | Lair:3   | Noticed a seven-headed hydra
 12684 | Lair:3   | Gained mutation: You may emit foul miasma when damaged in melee. [demonic ancestry]
 12684 | Lair:3   | Reached XP level 12. HP: 113/113 MP: 12/12
 12794 | Lair:3   | Noticed Urug
 12814 | Lair:3   | Killed Urug
 13767 | Lair:4   | Received a gift from Okawaru
 13772 | Lair:4   | Reached skill level 5 in Shields
 13777 | Lair:4   | Got a faintly glowing chain mail {god gift}
 13795 | Lair:4   | Identified the +0 chain mail of Qemalimm {-Cast Int+8} (Okawaru gifted it to you on level 4 of the Lair of Beasts)
 14204 | Lair:4   | HP: 2/113 [fire drake/blast of flame (26)]
 14408 | Lair:4   | Noticed an eight-headed hydra
 14433 | Lair:4   | Found an opulent altar of Gozag.
 14450 | Lair:4   | HP: 4/113 [12-headed hydra (6)]
 14450 | Lair:4   | Slain by a 12-headed hydra

Vault maps used:
D:1:      eino_arrival_druids_welcome, kennysheep_pointless_box
D:2:      kennysheep_six_static_rooms, lemuel_crystal_altar,
          gammafunk_temple_overflow_wave, grunt_pakellas_sulfur, uniq_robin
D:3:      kennysheep_generic_room_9, uniq_natasha, uniq_grinder,
          uniq_crazy_yiuf_cottage
D:5:      kennysheep_mini_moat, serial_shops, shop, first_bread, basic_altar
D:6:      overflow_temple_1_default, kennysheep_mini, temple_green, basic_altar,
          lightli_orcish_oven, uniq_eustachio, uniq_edmund, uniq_duvessa
D:7:      grunt_temple_overflow_order_and_chaos_1, serial_glass,
          glass_columns_a, glass_columns_a
D:8:      dpeg_oklobed_lair, uniq_maurice
D:9:      basic_altar, blue_anna_alchemist
D:10:     hiddenorc2_lemuel, kennysheep_generic_room_5
Lair:2:   serial_bayou_pond_d, beast_lair_carwin_7, uniq_harold
Lair:3:   uniq_urug
Lair:4:   special_room, nicolae_quartered_pool_little, lemuel_oklob_altar,
          infiniplex_staircase_pool_2

Action                   |  1- 3 |  4- 6 |  7- 9 | 10-12 || total
-------------------------+-------+-------+-------+-------++-------
Melee: War axe           |    58 |    79 |   322 |   673 ||  1132
Invok: Heroism           |       |       |     2 |     4 ||     6
Evoke: Wand              |       |       |       |     3 ||     3
  Use: Scroll            |    10 |     3 |     9 |     8 ||    30
       Potion            |       |     1 |     2 |     9 ||    12
  Eat: Chunk             |     1 |     1 |     3 |    19 ||    24
       Bread ration      |       |     1 |     1 |     3 ||     5
       Fruit             |       |       |     5 |     6 ||    11
       Beef jerky        |       |       |     1 |       ||     1
